AoeStats
← Bonaparte

Fortress

507709233Analyzed
3v3 RM · 12d ago on Sep 19, 2026· 43m 33s· 6 players
Game mode
Random Map
Map size
Large (8 player)
Population
200
Speed
Normal
Resources
Standard
Victory
Conquest
Starting age
Dark Age
Ending age
Imperial Age
RankedLock teamsTeams togetherTeam positionsShared explorationLock speedFull tech treeHidden civsTurbo modeCheats
Victory
Defeat
🇷🇺 Burgundians · Russia
1152
+14
🇫🇷 Portuguese · France
1121
+16
🇦🇺 Mongols · Australia
1078
+17
🇫🇷 Wu · France
1125
-16
🇫🇷 Vietnamese · France
1118
-16
🇫🇷 Franks · France
1088
-15
Von
6:33 Feudal Age
7:06 Double-Bit Axe
8:00 Wheelbarrow
8:13 Horse Collar
10:37 Loom
13:38 Castle Age
18:12 Hand Cart
18:34 Heavy Plow
19:45 Stone Mining
22:36 Fortified Wall
22:07 Treadmill Crane
23:06 Bow Saw
27:17 Imperial Age
25:02 Gold Mining
25:49 Stone Shaft Mining
25:28 Masonry
25:34 Fletching
29:04 Chemistry
28:14 Siege Engineers
28:32 Conscription
28:46 Arquebus
29:08 Bodkin Arrow
29:26 Town Watch
30:38 Elite Organ Gun
37:41 Bracer
37:41 Padded Archer Armor
38:05 Ballistics
39:50 Architecture
39:16 Murder Holes
39:35 Forging
39:41 Leather Archer Armor
41:18 Iron Casting
nfdaddy5334
6:37 Feudal Age
9:04 Loom
9:53 Gold Mining
12:05 Castle Age
10:54 Fletching
11:47 Horse Collar
12:13 Double-Bit Axe
19:32 Bodkin Arrow
20:10 Caravan
21:50 Husbandry
22:01 Bloodlines
24:58 Padded Archer Armor
30:13 Imperial Age
30:51 Bow Saw
31:22 Wheelbarrow
30:32 Town Watch
32:04 Chemistry
33:09 Conscription
33:05 Bracer
33:21 Leather Archer Armor
34:46 Ballistics
35:44 Elite Mangudai
Ged Opi
2:41 Double-Bit Axe
4:45 Horse Collar
8:12 Feudal Age
7:44 Gold Mining
9:02 Heavy Plow
9:13 Bow Saw
11:29 Loom
14:08 Castle Age
13:44 Gold Shaft Mining
13:34 Stone Mining
15:50 Wheelbarrow
17:33 Fervor
18:28 Forging
18:23 Scale Barding Armor
19:21 Two-Man Saw
22:53 Hand Cart
25:18 Chain Barding Armor
28:02 Iron Casting
27:33 Town Watch
29:18 Burgundian Vineyards
30:52 Fortified Wall
34:35 Imperial Age
32:32 Town Patrol
33:46 Stone Shaft Mining
33:36 Ballistics
33:27 Masonry
32:57 Treadmill Crane
33:29 Husbandry
32:50 Light Cavalry
34:09 Cavalier
34:42 Hussar
36:45 Blast Furnace
36:03 Caravan
37:02 Conscription
38:16 Chemistry
37:05 Paladin
38:54 Plate Barding Armor
39:19 Crop Rotation
39:57 Hoardings
43:34 Padded Archer Armor
microllax
7:22 Feudal Age
13:45 Castle Age
11:52 Double-Bit Axe
13:20 Stone Mining
13:20 Gold Mining
16:18 Scale Barding Armor
16:26 Forging
17:01 Gold Shaft Mining
20:01 Chain Barding Armor
21:40 Husbandry
25:51 Iron Casting
27:13 Bow Saw
28:07 Wheelbarrow
27:22 Town Watch
32:39 Imperial Age
32:20 Masonry
33:06 Cavalier
35:15 Chemistry
35:12 Plate Barding Armor
35:38 Blast Furnace
39:09 Light Cavalry
41:36 Chivalry
Augustus Normacol
4:31 Loom
6:41 Feudal Age
13:08 Castle Age
11:40 Double-Bit Axe
11:58 Fletching
14:22 Bodkin Arrow
15:06 Crossbowman
15:51 Padded Archer Armor
24:41 Thumb Ring
24:59 Ballistics
25:42 Leather Archer Armor
30:47 Wheelbarrow
34:07 Imperial Age
34:15 Arbalester
37:13 Bracer
38:58 Chemistry
39:26 Ring Archer Armor
39:47 Hand Cart
40:20 Paper Money
Bonaparte
0:32 Loom
7:31 Feudal Age
9:48 Double-Bit Axe
12:31 Castle Age
10:25 Horse Collar
10:54 Gold Mining
16:24 Bow Saw
16:31 Heavy Plow
17:43 Wheelbarrow
19:51 Gold Shaft Mining
19:18 Town Watch
20:34 Hand Cart
20:29 Fletching
20:51 Stone Mining
21:31 Padded Archer Armor
22:11 Bodkin Arrow
24:36 Leather Archer Armor
24:59 Ballistics
24:20 Treadmill Crane
24:51 Masonry
28:48 Imperial Age
28:00 Stone Shaft Mining
27:48 Murder Holes
31:43 Two-Man Saw
31:06 Conscription
31:50 Chemistry
30:58 Bracer
31:48 Elite Fire Archer
32:58 Squires
33:52 Architecture
34:03 Forging
33:54 Scale Mail Armor
33:47 Man-at-Arms
34:22 Arson
34:20 Long Swordsman
35:43 Iron Casting
35:08 Two-Handed Swordsman
36:47 Chain Mail Armor
38:20 Blast Furnace
37:06 Champion
39:52 Pikeman
41:28 Plate Mail Armor
40:53 Halberdier
Connection lost

Rejoining the realm…

Still unreachable

The connection could not be restored.

Session expired

The server has moved on; the page needs a fresh start.